 Dungeon Crawl Stone Soup version 0.30.0 (webtiles) character file.

Game seed: 8467170359986213121

47 dialectric the Ducker (level 3, -7/36 HPs)
             Began as a Gargoyle Wanderer on May 6, 2023.
             Killed by divine providence
             ... invoked by an orc priest
              (13 damage)
             ... on level 2 of the Dungeon.
             The game lasted 00:01:46 (1144 turns).

dialectric the Ducker (Gargoyle Wanderer)           Turns: 1144, Time: 00:01:46

Health: -7/36      AC: 21    Str: 14    XL:     3   Next: 70%
Magic:  3/3        EV:  2    Int: 11    God:
Gold:   102        SH:  0    Dex: 13    Spells: 2/2 levels left

rFire   . . .        g - +0 whip
rCold   . . .        (no shield)
rNeg    + . .        b - melded +2 leather armour
rPois   ∞            (helmet currently unavailable)
rElec   .            (cloak currently unavailable)
rCorr   .            m - melded +0 pair of gloves
SInv    .            (boots currently unavailable)
Will    .....        (no amulet)
Stlth   +            (no ring)
HPRegen 0.26/turn    (no ring)
MPRegen 0.08/turn

%: no passive effects
@: tree-form
A: stationary, stasis, torment immunity, boosted hp, sickness immunity, AC +3,
negative energy resistance 1, (electricity resistance), torment resistance 1,
petrification resistance
a: no special abilities


You were on level 2 of the Dungeon.
You were a tree.
You visited 1 branch of the dungeon, and saw 2 of its levels.

You collected 102 gold pieces.

Inventory:

Hand Weapons
 a - a +0 sling
 f - a +0 short sword
 g - a +0 whip (weapon)
Missiles
 k - 4 poisoned darts (quivered)
Armour
 b - a +2 leather armour (melded)
 m - a +0 pair of gloves (melded)
 n - a +0 ring mail
Scrolls
 h - a scroll of magic mapping {unknown}
 j - a scroll of identify {unknown}
Potions
 c - a potion of curing
 e - a potion of mutation {unknown}
 i - 2 potions of heal wounds {unknown}
 l - 2 potions of might {unknown}


   Skills:
 + Level 3.9 Fighting
 + Level 1.7 Maces & Flails
 + Level 1.3 Ranged Weapons
 * Level 1.5 Armour
 - Level 4.1 Dodging
 + Level 1.0 Invocations


You had 2 spell levels left.
You didn't know any spells.
Your spell library was empty.

Dungeon Overview and Level Annotations

Branches:
Dungeon (2/15)

Altars:

Annotations:
D:1 1 runed translucent door


Innate Abilities, Weirdness & Mutations

You are a tree.
Your roots penetrate the ground, keeping you stationary.
You cannot be teleported.
You are immune to unholy pain and torment.
Your maximum health is greatly increased.
Your equipment is partially melded.
You are immune to sickness and miasma.
((Your stone body is resilient. (AC +3)))
You are immune to poison.
You resist negative energy. (rN+)
((You are resistant to electric shocks. (rElec)))
You are resistant to unholy torment.
You are immune to petrification.


Message History

The ball python bites you but does no damage.
The ball python constricts you.
The orc priest miscasts a cantrip.
You hit the ball python.
You kill the ball python!
The bat hits you but does no damage.
You hit the orc priest.
The orc priest is lightly wounded.
The bat hits you but does no damage. x2
The orc priest hits you but does no damage.
You hit the orc priest but do no damage.
The orc priest is lightly wounded.
The bat barely misses you. The bat hits you but does no damage.
The orc priest hits you but does no damage.
You hit the orc priest.
The orc priest is lightly wounded.
The bat hits you but does no damage. x2; The orc priest completely misses you.
You closely miss the orc priest.
The orc priest is lightly wounded.
The bat hits you but does no damage.
The orc priest hits you but does no damage.
You barely miss the orc priest.
The orc priest is lightly wounded.
The bat hits you but does no damage. x2
The orc priest hits you but does no damage.
Throw: 5 darts (poison)
Press: ? - help, Q - select action Shift-Dir - straight line, f - orc priest
Aim: an orc priest, wielding a +0 dagger (lightly wounded, 57% to hit)
You throw a poisoned dart.
The poisoned dart barely misses the orc priest.
The bat hits you. The bat hits you but does no damage.
The orc priest mumbles some strange prayers to Beogh against you.
Beogh smites you!
* * * LOW HITPOINT WARNING * * *
You barely miss the orc priest.
The orc priest is lightly wounded.
The bat hits you but does no damage. x2
The orc priest invokes the aid of Beogh against you.
Beogh smites you!
You die...

[>.# #..#
#o###
#...#
###.#
#.#######
#.b.o...#
#######o#
#...♣b#
#.#####
#.#...#
#.#.#.#
#.#.#.#
#.#...##
#.##..<##
#.##....#
#.##....#


You could see an orc priest and a bat.

Vanquished Creatures
  A gnoll (D:1)
  3 dart slugs (D:1)
  3 endoplasms (D:1)
  A giant cockroach (D:1)
  2 goblins (D:1)
  5 hobgoblins (D:1)
  2 quokkas (D:1)
  3 ball pythons
  8 bats (D:1)
  A kobold (D:1)
29 creatures vanquished.

Notes
Turn   | Place    | Note
-------+----------+-------------------------------------------
     0 | D:1      | dialectric the Gargoyle Wanderer began the quest for the
                  | Orb.
     0 | D:1      | dialectric set off with the following items: a +0 sling, a
                  | +2 leather armour, a potion of curing, a potion of
                  | lignification.
     0 | D:1      | Reached XP level 1. HP: 14/14 MP: 1/1
     1 | D:1      | Found a runed translucent door.
   247 | D:1      | Reached XP level 2. HP: 5/19 MP: 2/2
   508 | D:1      | Reached skill level 1 in Maces & Flails
   643 | D:1      | Reached XP level 3. HP: 22/24 MP: 3/3
   757 | D:1      | Reached skill level 1 in Armour
  1144 | D:2      | Killed from afar by an orc priest

Illustrated notes

Levels and vault maps discovered:
D:1:      dpeg_arrival_caged_fury, layout_basic
D:2:      layout_basic

Skill      XL: |  1  2  3 |
---------------+----------+-----
Maces & Flails | 1 |  1.7
Armour         | 1 |  1.5
Fighting       | |  3.9
Ranged Weapons | |  1.3
Dodging        | |  4.1
Invocations    | |  1.0

Action                     || total
---------------------------++-------
  Melee: Whip              ||   118
         Short sword       ||     8
         Punch             ||     1
   Fire: Sling             ||     5
  Throw: Dart              ||     7
    Use: Potion            ||     1
 Armour: Leather armour    ||    66
         Skin              ||    20
  Dodge: Dodged            ||   115
